 Dungeon Crawl Stone Soup version 0.14-a0-2964-g8dc6adb (webtiles) character file.

143 4tharraofdagon the Shooter (level 3, 0/28 HPs)
             Began as a Centaur Hunter on Mar 5, 2014.
             Slain by a jackal (2 damage)
             ... on Level 4 of the Dungeon.
             The game lasted 00:05:16 (897 turns).

4tharraofdagon the Shooter (Centaur Hunter)          Turns: 897, Time: 00:05:16

HP   0/28        AC  5     Str 15      XL: 3   Next: 58%
MP   3/3         EV  7     Int 10      God:
Gold 92          SH  0     Dex  9      Spells:  0 memorised,  2 levels left

rFire  . . .     SeeInvis .     b - +2 bow
rCold  . . .     Clarity  .     h - +0 ring mail (curse)
rNeg   . . .     Conserve .     (no shield)
rPois  .         rCorr    .     (no helmet)
rElec  .         rRot     .     (no cloak)
SustAb . .       Spirit   .     (no gloves)
rMut   .         Warding  .     (no barding)
Saprov . . .     Stasis   +     e - cursed amulet of stasis
MR     .....                    (no ring)
                                p - cursed ring of hunger

@: very quick, not resistant to hostile enchantments, extremely unstealthy
A: hooves 3, deformed body, herbivore 1, speed 2, fast metabolism 1, tough skin
3
a: no special abilities


You were on level 4 of the Dungeon.
You were not hungry.

You visited 1 branch of the dungeon, and saw 5 of its levels.

You collected 92 gold pieces.

Inventory:

Hand weapons
 a - a +0,+0 short sword
 b - a +2,+2 bow (weapon)
 r - a +2,+2 war axe
Missiles
 c - 12 arrows (quivered)
 n - 31 bolts
 t - 6 poisoned tomahawks
 v - 16 poisoned arrows
Armour
 d - a +0 leather armour
 h - a cursed +0 ring mail (worn)
 u - the cursed -4 scale mail "Stra Suno" {Str+3 Int+4, unknown}
   (You found it on level 4 of the Dungeon)

   It affects your strength (+3).
   It affects your intelligence (+4).
   It has a curse placed upon it.
Comestibles
 f - 2 bread rations
 o - a pear
Scrolls
 m - 2 scrolls of random uselessness
 q - a scroll of fog
Jewellery
 e - a cursed amulet of stasis (around neck)
 p - a cursed ring of hunger (left hand)
Potions
 g - a potion of curing
 k - a potion of paralysis


   Skills:
 - Level 1.0 Fighting
 + Level 7.1 Bows
 - Level 1.3 Dodging
 - Level 0.5 Stealth


You had 2 spell levels left.
You didn't know any spells.

Dungeon Overview and Level Annotations

Branches:
Dungeon (5/16)
 Temple: D:4-7

Altars:

Annotations:
D:2 Ijyb


Innate Abilities, Weirdness & Mutations

You have hooves in place of feet.
Armour fits poorly on your strangely shaped body.
You digest meat inefficiently.
You cover ground very quickly.
You have a fast metabolism.
You have extremely tough skin (AC +3).


Message History

Press: ? - help, Shift-Dir - straight line, f - jackal
Aim: a jackal You shoot an arrow.
The arrow misses the jackal.
The arrow hits the hobgoblin skeleton.
You destroy the hobgoblin skeleton!
The jackal bites you but does no damage.
Firing (i - inventory. (,) - cycle):
c - 14 arrows (quivered)
Press: ? - help, Shift-Dir - straight line, f/p - jackal
Aim: a jackal You shoot an arrow.
The arrow hits the jackal.
The jackal is almost dead.
The jackal bites you but does no damage.
Firing (i - inventory. (,) - cycle):
c - 13 arrows (quivered)
Press: ? - help, Shift-Dir - straight line, f/p - jackal
Aim: a jackal (almost dead)
You shoot an arrow. The arrow hits the jackal.
The jackal is almost dead.
The jackal bites you but does no damage.
The jackal bites you.
You die...

....#.### #.# ###...## ....#.#
#.##### #...# ....#.########
#.....# #...# ...o(........#
#####.# #...## o..Koo.......#
#.#######.....
#.#.#.(......#######.#..........#
#.#.#..>.........##.............#
#.o.#..z.....###h##.##..........#
#.o##........# #@...########.....
#o.o.....##### ####.########...##
.((....#.# ##........#...#
##.#####.#### #.............#
.......o(...# #..##..##.....##
##.#..##.##.# #..##..##.......
#....##<##.# #....##.r.......
#.......##.######....##.........
###.######.....z...##.r##.##.##.


You could see a jackal.

Vanquished Creatures
  The ghost of 4tharraofdagon the Shooter, a weakling CeHu (D:3)
  2 worms (D:3)
  4 bats
  4 hobgoblins
  A quokka (D:2)
  A giant cockroach (D:2)
  2 giant newts (D:2)
  A hobgoblin skeleton (D:4)
  2 kobolds
  5 rats
23 creatures vanquished.

Notes
Turn   | Place    | Note
--------------------------------------------------------------
     0 | D:1      | 4tharraofdagon, the Centaur Hunter, began the quest for the Orb.
     0 | D:1      | Reached XP level 1. HP: 16/16 MP: 1/1
   214 | D:2      | Reached XP level 2. HP: 2/23 MP: 2/2
   233 | D:2      | Reached skill level 6 in Bows
   278 | D:2      | Noticed Ijyb
   597 | D:3      | Noticed 4tharraofdagon's ghost (weakling CeHu)
   619 | D:3      | Killed 4tharraofdagon's ghost
   619 | D:3      | Reached XP level 3. HP: 10/28 MP: 3/3
   627 | D:3      | Reached skill level 7 in Bows
   818 | D:4      | Got a polished scale mail
   852 | D:5      | Entered Level 5 of the Dungeon
   860 | D:5      | Noticed a giant frog
   893 | D:5      | HP: 1/28 [giant frog skeleton (5)]
   897 | D:4      | Slain by a jackal

Action                   || total
-------------------------++-------
 Fire: Bow               ||    56
  Use: Potion            ||     2
       Scroll            ||     6
